 Dungeon Crawl Stone Soup version 0.31-a0-963-ga325b2283a (webtiles) character file.

Game seed: 7070837206687735856

19209 Forgeling the Cleaver (level 12, -9/97 HPs)
             Began as a Demonspawn Gladiator on Oct 25, 2023.
             Was a Priest of Nemelex Xobeh.
             Mangled by a two-headed ogre
             ... wielding a +2 great mace of flaming
              (22 damage)
             ... in a volcano.
             The game lasted 00:28:02 (10417 turns).

Forgeling the Cleaver (Demonspawn Gladiator)       Turns: 10417, Time: 00:28:02

Health: -9/97      AC: 12    Str: 20    XL:     12   Next: 34%
Magic:  18/18      EV: 17    Int:  9    God:    Nemelex Xobeh [***...]
Gold:   630        SH:  0    Dex: 15    Spells: 11/11 levels left

rFire   . . .        b - +2 hand axe (venom)
rCold   . . .        l - orb {light}
rNeg    . . .        r - +1 ring mail of Feitsir {+Blink Regen+}
rPois   .            h - +0 helmet
rElec   .            f - +0 cloak
rCorr   .            n - +0 pair of gloves
SInv    +            (no boots)
Will    .....        (no amulet)
Stlth   +            p - ring of see invisible
HPRegen 1.16/turn    (no ring)
MPRegen 0.16/turn

%: no passive effects
@: agile, glowing
A: hooves 1, thin metallic scales 1, icemail 1, powered by pain 1, condensation
shield
a: Renounce Religion, Evoke Blink, Draw Escape, Draw Destruction, Draw
Summoning, Triple Draw


You were in a volcano.
You worshipped Nemelex Xobeh.
Nemelex Xobeh was most pleased with you.
You visited 3 branches of the dungeon, and saw 13 of its levels.
You also visited: Sewer, Bailey and Volcano.

You collected 681 gold pieces.
You spent 51 gold pieces at shops.

Inventory:

Hand Weapons
 a - a +0 war axe
 b - a +2 hand axe of venom (weapon)
 q - a +3 trident
Missiles
 t - 6 poisoned darts (quivered)
 u - 5 throwing nets
 v - a curare-tipped dart
 w - 22 javelins
 y - 4 darts of dispersal
Armour
 f - a +0 cloak (worn)
 h - a +0 helmet (worn)
 l - an orb of light (worn)
 n - a +0 pair of gloves (worn)
 o - a scarf of repulsion
 r - the +1 ring mail of Feitsir (worn) {+Blink Regen+}
   (You found it in a bailey)

   +Blink:    It lets you blink.
   Regen+:    It increases your rate of health regeneration.
 x - +0 acid dragon scales
Jewellery
 p - a ring of see invisible (left hand)
Wands
 d - a wand of digging (4)
 e - a wand of charming (30)
 i - a wand of iceblast (10)
Scrolls
 c - 3 scrolls of noise
 k - 2 scrolls of enchant armour
 m - 2 scrolls of revelation {unknown}
 s - a scroll of brand weapon {unknown}
 D - 2 scrolls of blinking
 E - 4 scrolls of fear
 K - 4 scrolls of immolation
 S - a scroll of summoning
 V - a scroll of vulnerability
 Y - 4 scrolls of teleportation {@r3}
Potions
 j - a potion of enlightenment
 A - a potion of attraction
 B - 2 potions of brilliance
 H - 3 potions of haste
 I - a potion of invisibility
 J - a potion of curing {@q1}
 M - a potion of might
 N - 3 potions of heal wounds {@q2}
 Q - 3 potions of magic
 W - a potion of lignification


   Skills:
 + Level 9.8 Fighting
 - Level 14.0 Axes
 - Level 3.0 Throwing
 - Level 5.1 Armour
 - Level 2.6 Dodging
 - Level 9.2 Invocations
 + Level 5.9 Evocations


You had 11 spell levels left.
You didn't know any spells.
Your spell library contained the following spells:

 Spells                   Type           Power      Damage    Failure   Level
 Sandblast                Erth           0%         2d4       54%         1
 Ensorcelled Hibernation  Hex/Ice        0%         N/A       69%         2
 Lesser Beckoning         Tloc           0%         N/A       69%         2
 Passwall                 Tmut/Erth      0%         N/A       69%         2
 Gell's Gravitas          Tloc           0%         N/A       89%         3
 Hailstorm                Conj/Ice       0%         3d3       89%         3
 Stone Arrow              Conj/Erth      0%         3d7       89%         3
 Swiftness                Air            0%         N/A       89%         3
 Teleport Other           Tloc           0%         N/A       89%         3
 Brom's Barrelling Bould  Conj/Erth      0%         2d3       100%        4
 Summon Ice Beast         Ice/Summ       0%         N/A       100%        4
 Simulacrum               Ice/Necr       0%         N/A       100%        6


Dungeon Overview and Level Annotations

Branches:
Dungeon (11/15)            Temple (1/1) D:7            Lair (1/5) D:11
    Orc (0/2) D:9           Sewer (visited)          Bailey (visited)
Volcano (1/1)

Altars:
Ashenzari
Cheibriados
Dithmenos
Fedhas
Gozag
Hepliaklqana
Kikubaaqudgha
Makhleb
Nemelex Xobeh
Okawaru
Qazlal
Ru
Sif Muna
Trog
Uskayaw
Vehumet
Wu Jian
Xom
Yredelemnul

Shops:
D:7 [   D:11 !

Annotations:
D:8 4 transporters, Fractals's ghost, novice MiBe
Lair:1 Kunndt's ghost, journeyman MfSh


Innate Abilities, Weirdness & Mutations

You have large cloven feet.
You are partially covered in thin metallic scales. (AC +2)
A meltable icy envelope protects you from harm. (AC +0)
You sometimes gain a little power by taking damage.
A meltable shield of frost defends you. (SH +0)


Message History

You throw a poisoned dart.
The poisoned dart hits the two-headed ogre.
The two-headed ogre is heavily wounded.
Throw: 8 darts (poison)
Press: ? - help, Q - select action, (/) - cycle Shift-Dir - straight line, f/p - two-headed ogre
Aim: a two-headed ogre, wielding a +2 great mace of flaming and a +0 giant club of flaming (heavily wounded, very poisoned, haloed, 93% to hit)
You throw a poisoned dart.
The poisoned dart hits the two-headed ogre.
The two-headed ogre is heavily wounded.
Throw: 7 darts (poison)
Press: ? - help, Q - select action, (/) - cycle Shift-Dir - straight line, f/p - two-headed ogre
Aim: a two-headed ogre, wielding a +2 great mace of flaming and a +0 giant club of flaming (heavily wounded, very poisoned, haloed, 93% to hit)
You throw a poisoned dart.
The poisoned dart hits the two-headed ogre!
The two-headed ogre looks as sick as possible!
The two-headed ogre is heavily wounded.
You hit the two-headed ogre but do no damage.
The two-headed ogre looks as sick as possible!
The two-headed ogre is severely wounded.
The two-headed ogre hits you with a +2 great mace of flaming!!
* * * LOW HITPOINT WARNING * * *
The two-headed ogre burns you.
* * * LOW HITPOINT WARNING * * *
You hit the two-headed ogre.
The two-headed ogre looks as sick as possible!
The two-headed ogre is severely wounded.
You hit the two-headed ogre.
The two-headed ogre looks as sick as possible!
You kick the two-headed ogre, but do no damage.
The two-headed ogre is almost dead.
You hit the two-headed ogre but do no damage.
The two-headed ogre looks as sick as possible!
The two-headed ogre is almost dead.
The two-headed ogre hits you with a +2 great mace of flaming!!
* * * LOW HITPOINT WARNING * * *
The two-headed ogre burns you!
* * * LOW HITPOINT WARNING * * *
The two-headed ogre hits you with a +0 giant club of flaming!!
You die...
Your body glows with a rainbow of weird colours and disappears.

#§≈≈8...8≈##
####.....##
#.....#
#8...8#
#.(...#
#.(...#
#8(..8#
#.O...#
#.@...#
#8...8#
#.....#
#.....#
#8.∩.8#
##...##
##∩## ###


You could see a two-headed ogre (extremely poisoned).

Vanquished Creatures
  Erolcha (D:11)
  An ogre mage (Volcano)
  A boulder beetle (D:10)
  A two-headed ogre (D:11)
  A hell knight (Volcano)
  A gargoyle (D:10)
  3 cane toads (Lair:1)
  An unseen horror (D:11)
  A komodo dragon (D:11)
  4 trolls
  A hornet (D:8)
  Grinder (D:3)
  Prince Ribbit (D:7)
  2 shadows
  A wraith (D:10)
  8 yaks
  A wyvern (D:11)
  3 fire bats (Lair:1)
  2 wargs (D:9)
  3 acid dragons
  3 water moccasins (Lair:1)
  13 orc warriors
  2 wolves (D:11)
  2 ogres
  19 centaurs
  A phantom (D:5)
  6 bullfrogs
  2 kobold brigands
  2 scorpions (D:5)
  8 wights (D:7)
  5 killer bees (D:9)
  A howler monkey (D:8)
  3 electric eels (D:11)
  A gnoll bouda (D:8)
  8 orc priests
  8 hounds
  4 iguanas
  Jessica (D:3)
  3 sleepcaps
  8 orc wizards
  4 gnolls (D:8)
  2 river rats (D:5)
  5 adders
  4 white imps
  2 worms
  2 dart slugs
  56 orcs
  8 ball pythons
  5 endoplasms
  13 giant cockroaches
  8 goblins
  4 hobgoblins
  3 jackals (D:2)
  2 quokkas
  4 bats
  11 frilled lizards
  12 kobolds
  7 rats
290 creatures vanquished.

Vanquished Creatures (collateral kills)
  2 two-headed ogres (Volcano)
2 creatures vanquished.

Grand Total: 292 creatures vanquished

Notes
Turn   | Place    | Note
-------+----------+-------------------------------------------
     0 | D:1      | Forgeling the Demonspawn Gladiator began the quest for the
                  | Orb.
     0 | D:1      | Reached XP level 1. HP: 16/16 MP: 1/1
    35 | D:1      | Reached skill level 3 in Axes
   147 | D:1      | Gained mutation: You have large cloven feet. [demonic
                  | ancestry]
   147 | D:1      | Reached XP level 2. HP: 22/22 MP: 2/2
   951 | D:2      | Reached XP level 3. HP: 18/27 MP: 3/3
  1166 | D:3      | Reached skill level 4 in Axes
  1212 | D:3      | Noticed Jessica
  1221 | D:3      | Killed Jessica
  1222 | D:3      | Reached XP level 4. HP: 27/33 MP: 4/4
  1411 | D:3      | Reached skill level 5 in Axes
  1519 | D:3      | Noticed Grinder
  1571 | D:3      | Paralysed by Grinder for 2 turns
  1572 | D:3      | Gained mutation: You are partially covered in thin metallic
                  | scales. (AC +2) [demonic ancestry]
  1572 | D:3      | Reached XP level 5. HP: 26/38 MP: 5/5
  1575 | D:3      | Paralysed by Grinder for 4 turns
  1588 | D:3      | Killed Grinder
  1589 | D:3      | Reached skill level 6 in Axes
  1589 | D:3      | Reached XP level 6. HP: 24/46 MP: 6/6
  2927 | D:4      | Gained mutation: A meltable shield of frost defends you.
                  | (SH +0) [demonic ancestry]
  2927 | D:4      | Reached XP level 7. HP: 28/53 MP: 7/7
  3131 | D:5      | Entered Level 5 of the Dungeon
  3240 | D:5      | Reached skill level 7 in Axes
  3269 | D:5      | Found a glowing drain.
  3279 | Sewer    | Entered a sewer
  3650 | D:5      | Reached skill level 8 in Axes
  3650 | D:5      | Reached XP level 8. HP: 5/60 MP: 8/8
  3652 | D:5      | Reached skill level 1 in Evocations
  4357 | D:6      | Noticed Prince Ribbit
  4492 | D:6      | Found an iron altar of Okawaru.
  4492 | D:6      | Found a broken altar of Ashenzari.
  4492 | D:6      | Found a shimmering altar of Xom.
  4492 | D:6      | Found a snail-covered altar of Cheibriados.
  4569 | D:7      | Reached skill level 1 in Armour
  4573 | D:7      | Killed Prince Ribbit
  4603 | D:7      | Found a staircase to the Ecumenical Temple.
  4612 | Temple   | Entered the Ecumenical Temple
  4634 | Temple   | Became a worshipper of Nemelex Xobeh the Trickster
  4713 | D:7      | Reached skill level 5 in Fighting
  4753 | D:7      | Identified the +1 robe "Ynwad" {MP+9}
  4826 | D:7      | Found a flagged portal.
  4835 | Bailey   | Entered a bailey
  5092 | Bailey   | Gained mutation: A meltable icy envelope protects you from
                  | harm. (AC +0) [demonic ancestry]
  5092 | Bailey   | Reached XP level 9. HP: 68/68 MP: 9/9
  5100 | Bailey   | Reached skill level 9 in Axes
  5536 | Bailey   | Reached skill level 10 in Axes
  5536 | Bailey   | Reached skill level 1 in Invocations
  5781 | Bailey   | Reached skill level 5 in Invocations
  5858 | Bailey   | Identified the +1 ring mail of Feitsir {+Blink Regen+}
  5874 | Bailey   | Reached skill level 11 in Axes
  5874 | Bailey   | Reached skill level 5 in Armour
  5874 | Bailey   | Reached XP level 10. HP: 67/77 MP: 14/16
  6291 | D:7      | Reached * piety under Nemelex Xobeh
  6342 | D:7      | Found Nuce's Antique Armour Shoppe.
  6422 | D:7      | Found an ornate altar of the Wu Jian Council.
  7130 | D:8      | Reached skill level 12 in Axes
  7334 | D:8      | Found a transporter.
  7334 | D:8      | Received a gift from Nemelex Xobeh
  7336 | D:8      | Noticed an orc sorcerer
  7411 | D:8      | Found a transporter.
  7460 | D:8      | Found a bloodstained altar of Trog.
  7467 | D:8      | Found a transporter.
  7470 | D:8      | Found a transporter.
  7471 | D:8      | Noticed a moth of wrath
  7507 | D:8      | Noticed Fractals's ghost (novice MiBe)
  7597 | D:8      | Gained mutation: You sometimes gain a little power by
                  | taking damage. [demonic ancestry]
  7597 | D:8      | Reached XP level 11. HP: 55/83 MP: 17/17
  8099 | D:9      | Found a staircase to the Orcish Mines.
  8226 | D:9      | Reached ** piety under Nemelex Xobeh
  8409 | D:10     | Entered Level 10 of the Dungeon
  8974 | D:10     | Reached skill level 13 in Axes
  9054 | D:11     | Noticed a boulder beetle
  9069 | D:10     | Killed a boulder beetle
  9107 | D:11     | Found Etioc's Distillery.
  9210 | D:11     | Found a staircase to the Lair.
  9320 | D:11     | Reached skill level 14 in Axes
  9638 | D:11     | Noticed Erolcha
  9646 | D:11     | Killed Erolcha
  9800 | D:11     | Bought a potion of curing for 51 gold pieces
  9873 | D:11     | Noticed a two-headed ogre
  9890 | D:11     | Killed a two-headed ogre
 10139 | Lair:1   | Entered Level 1 of the Lair of Beasts
 10151 | Lair:1   | Reached XP level 12. HP: 82/94 MP: 18/18
 10204 | Lair:1   | Noticed Kunndt's ghost (journeyman MfSh)
 10240 | Lair:1   | Reached *** piety under Nemelex Xobeh
 10326 | Lair:1   | Found a dark tunnel.
 10335 | Volcano  | Entered a volcano
 10351 | Volcano  | Noticed an ogre mage
 10366 | Volcano  | Paralysed by an ogre mage for 4 turns
 10373 | Volcano  | Killed an ogre mage
 10374 | Volcano  | Reached skill level 5 in Evocations
 10377 | Volcano  | Found a bloodstained altar of Trog.
 10378 | Volcano  | Noticed a two-headed ogre
 10382 | Volcano  | Noticed a two-headed ogre
 10383 | Volcano  | Killed a two-headed ogre
 10385 | Volcano  | Noticed a two-headed ogre
 10390 | Volcano  | Killed a two-headed ogre
 10417 | Volcano  | Mangled by a two-headed ogre

Illustrated notes

Levels and vault maps discovered:
D:1:      lightli_arrival_flooded_house, layout_basic, amcnicky_mini_pool_small
D:2:      layout_rooms
D:3:      layout_basic, serial_corexii_hall, corexii_hall_statues_x,
          corexii_hall_statues_x, minivault_4, uniq_jessica, uniq_grinder
D:4:      layout_basic, serial_bayou_pond_c
D:5:      layout_basic, portal_sewer_entry_b, st_stairs_8
D:6:      layout_gridville, grunt_temple_overflow_open, uniq_prince_ribbit1
D:7:      layout_gridville, mainiacjoe_overflow_small_starburst,
          mainiacjoe_overflow_six_doors_small, minmay_temple_entry_antechambers,
          serial_shops, shop, enter_bailey_8
D:8:      gammafunk_wand_slinger, layout_basic,
          gammafunk_ghost_wrathful_warriors
D:9:      layout_roguey, david_orc_3
D:10:     layout_loops_ring
D:11:     layout_roguey, erik_lair_island, kennysheep_windowed_goal,
          uniq_erolcha
Temple:   kb_temple_of_zot
Lair:1:   layout_long_grid, nicolae_volcano_entry_batcave,
          gammafunk_ghost_split, grunt_megastairs_4
Volcano:  kennysheep_volcano_temple

Skill      XL: |  1  2  3  4  5  6  7  8  9 10 11 12 |
---------------+-------------------------------------+-----
Axes           | 3 4 5 6 8 11 12 14 | 14.0
Fighting       | 3 4 5 6 8 9 |  9.8
Throwing       | 3 |  3.0
Evocations     | 3 4 5 |  5.9
Armour         | 3 5 |  5.1
Invocations    | 9 |  9.2
Dodging        | |  2.6

Action                     |  1- 3 |  4- 6 |  7- 9 | 10-12 || total
---------------------------+-------+-------+-------+-------++-------
  Melee: War axe           |    66 |    75 |    11 |    14 ||   166
         Kick              |     8 |    18 |   116 |   228 ||   370
         Hand axe          |       |    16 |   290 |   441 ||   747
         Punch             |       |     1 |     2 |       ||     3
         Trident           |       |       |    29 |    12 ||    41
  Throw: Dart              |       |       |     9 |    38 ||    47
 Invoke: Draw Destruction  |       |       |       |     3 ||     3
         Draw Summoning    |       |       |       |     1 ||     1
  Evoke: Wand              |       |       |     3 |       ||     3
    Use: Scroll            |     2 |     2 |     6 |     6 ||    16
         Potion            |       |     4 |     4 |     1 ||     9
 Armour: Leather armour    |     4 |       |       |       ||     4
         Ring mail         |    36 |    78 |   203 |   293 ||   610
         Skin              |       |    22 |    14 |     3 ||    39
         Acid dragon scale |       |       |       |     6 ||     6
  Dodge: Dodged            |    44 |    42 |   178 |   215 ||   479
  Block: Other             |       |       |     8 |       ||     8
         Orb               |       |       |    56 |    65 ||   121

Table legend: (Time is in decaauts)
 A = Elapsed time spent in this place.
 B = Non-inter-level travel time spent in this place.
 C = Inter-level travel time spent in this place.
 D = Time resting spent in this place.
 E = Time spent auto-exploring this place.
 F = Levels seen in this place.
 G = Mean time per level.
                   A        B        C        D        E       F      G
               +--------+--------+--------+--------+--------+-----+--------+
         Total |  10335 |   9846 |    489 |    173 |   6702 |  16 |  645.9 |
       Dungeon |   8398 |   7952 |    446 |     70 |   6012 |  11 |  763.5 |
        Temple |     44 |      1 |     43 |      0 |      0 |   1 |   44.0 |
          Lair |    173 |    173 |      0 |      0 |      0 |   1 |  173.0 |
         Sewer |    311 |    311 |      0 |      0 |     70 |   1 |  311.0 |
        Bailey |   1327 |   1327 |      0 |    103 |    619 |   1 | 1327.0 |
       Volcano |     78 |     78 |      0 |      0 |      0 |   1 |   78.0 |
               +--------+--------+--------+--------+--------+-----+--------+

Top non-repeatable levels by time:
  Bailey: 1327 daAuts
     D:4: 1253 daAuts
    D:11: 996 daAuts
     D:5: 921 daAuts
     D:7: 871 daAuts
     D:8: 841 daAuts
     D:3: 762 daAuts
     D:1: 756 daAuts
    D:10: 665 daAuts
     D:9: 657 daAuts
     D:2: 403 daAuts
   Sewer: 311 daAuts
     D:6: 270 daAuts
  Lair:1: 173 daAuts
 Volcano: 78 daAuts
